 Dungeon Crawl Stone Soup version 0.21.1-1-g345015f (webtiles) character file.

320 theRoog the Chopper (level 6, -3/53 HPs)
             Began as a Minotaur Berserker on Mar 23, 2018.
             Was a Priest of Trog.
             Slain by an ogre
             ... wielding a +0 giant club
              (11 damage)
             ... on level 3 of the Dungeon.
             The game lasted 00:03:11 (1932 turns).

theRoog the Chopper (Minotaur Berserker)            Turns: 1932, Time: 00:03:12

Health: -3/53      AC: 13    Str: 24    XL:     6   Next: 22%
Magic:  5/5        EV:  8    Int:  4    God:    Trog [***...]
Gold:   114        SH:  0    Dex:  9    Spells: 5/5 levels left

rFire    . . .     SeeInvis .   a - +0 hand axe
rCold    . . .     Gourm    .   (no shield)
rNeg     . . .     Faith    .   j - +0 plate armour
rPois    .         Spirit   .   (helmet restricted)
rElec    .         Reflect  .   (no cloak)
rCorr    .         Harm     .   (no gloves)
MR       .....                  k - +0 pair of boots
Stlth    ..........             (no amulet)
HPRegen  0.17/turn              (no ring)
MPRegen  0.09/turn              (no ring)

@: berserk cooldown, slowed, very slow
A: retaliatory headbutt, horns 2
a: Berserk, Trog's Hand, Burn Spellbooks, Renounce Religion


You were on level 3 of the Dungeon.
You worshipped Trog.
Trog was most pleased with you.
You were very hungry.

You visited 1 branch of the dungeon, and saw 3 of its levels.

You collected 114 gold pieces.

Inventory:

Hand Weapons
 a - a +0 hand axe (weapon)
Armour
 b - a +0 animal skin
 d - a +0 pair of boots
 j - a +0 plate armour (worn)
 k - a +0 pair of boots (worn)
 q - a +0 cloak
Scrolls
 e - 4 scrolls of identify {unknown}
 g - a scroll of enchant weapon {unknown}
 l - 2 scrolls of teleportation {unknown}
 n - a scroll of fear {unknown}
 o - a scroll of fog {unknown}
 r - a scroll of blinking {unknown}
Potions
 f - 2 potions of resistance {unknown}
 h - a potion of heal wounds {unknown}
 i - 2 potions of agility {unknown}
 m - a potion of invisibility {unknown}
 p - a potion of haste {unknown}
Comestibles
 c - 2 rations


   Skills:
 + Level 4.6 Fighting
 + Level 6.6 Axes
 + Level 4.3 Armour
 + Level 3.0 Dodging


You had 5 spell levels left.
You didn't know any spells.

Dungeon Overview and Level Annotations

Branches:
Dungeon (3/15)

Altars:
Trog


Innate Abilities, Weirdness & Mutations

You reflexively headbutt those who attack you in melee.
You have a pair of horns on your head.


Message History

The orc priest hits you but does no damage.
The ogre closely misses you.
The orc priest hits you but does no damage.
Your plate armour prevents you from hitting the ogre.
You headbutt the ogre.
The ogre is heavily wounded.
You hit the orc priest but do no damage.
The ogre barely misses you.
The orc priest mumbles some strange prayers to Beogh against you.
Pain shoots through your body!
* * * LOW HITPOINT WARNING * * *
You slash the ogre!
The ogre is almost dead.
You hit the orc priest but do no damage.
The ogre hits you with a giant club.
* * * LOW HITPOINT WARNING * * *
The orc priest hits you with a trident.
* * * LOW HITPOINT WARNING * * *
The ogre hits you with a giant club!
You die...

##.#.............
#.........#....# ##
#....#..[....#
...g##............## .
.<.o..)....#..#....# ##.
#..####..#....##...###...
#..###.........#.##
#oO#####........... ##@)#
##.......... ##.#
#..........
#..#####.)†).....
##.......).......
#.........<......
#................
#......#.........
###....#.........
###............


You could see an ogre and an orc priest.

Vanquished Creatures
  A crimson imp (D:3)
  Crazy Yiuf (D:2)
  5 orc wizards
  4 adders
  A worm (D:2)
  3 dart slugs
  10 orcs
  4 bats
  3 giant cockroaches
  5 goblins (D:2)
  9 hobgoblins
  2 jackals (D:1)
  3 quokkas (D:2)
  A ball python (D:1)
  5 frilled lizards
  5 kobolds
  6 rats
68 creatures vanquished.

Notes
Turn   | Place    | Note
-------+----------+-------------------------------------------
     0 | D:1      | theRoog the Minotaur Berserker began the quest for the Orb.
     0 | D:1      | Reached XP level 1. HP: 19/19 MP: 0/0
   221 | D:1      | Reached XP level 2. HP: 22/27 MP: 1/1
   235 | D:1      | Reached skill level 4 in Axes
   597 | D:1      | Reached ** piety under Trog
   687 | D:2      | Reached XP level 3. HP: 33/33 MP: 2/2
   700 | D:2      | Reached XP level 4. HP: 23/40 MP: 3/3
   702 | D:2      | Reached skill level 5 in Axes
  1187 | D:2      | Reached XP level 5. HP: 44/47 MP: 4/4
  1222 | D:2      | Found a bloodstained altar of Trog.
  1468 | D:2      | Found a runed door.
  1581 | D:2      | Noticed Crazy Yiuf
  1589 | D:2      | Killed Crazy Yiuf
  1847 | D:3      | Reached skill level 6 in Axes
  1908 | D:3      | Reached XP level 6. HP: 26/53 MP: 5/5
  1919 | D:3      | Reached *** piety under Trog
  1932 | D:3      | Slain by an ogre

Skill      XL: |  1  2  3  4  5  6 |
---------------+-------------------+-----
Axes           | 4 5 6 |  6.6
Fighting       | 4 |  4.6
Armour         | 3 4 |  4.3
Dodging        | 3 |  3.0

Action                   |  1- 3 |  4- 6 || total
-------------------------+-------+-------++-------
Melee: Hand axe          |    58 |   137 ||   195
       Headbutt          |     4 |    20 ||    24
Invok: Berserk           |       |     1 ||     1
  Eat: Chunk             |       |     3 ||     3
Armor: Animal skin       |    11 |       ||    11
       Plate armour      |    28 |   105 ||   133
Dodge: Dodged            |    45 |    66 ||   111
